TOP OF THE 1ST |
Texas Rangers batting - Pitching for Houston Astros : LHP Robbie Ray
|
Pitching: LHP Robbie Ray
|
|
Batting: LHB Joc Pederson
|
0-0: Called Strike 0-1: Fly out, F7 (Flyball, 7S)
|
Batting: SHB Cesar Hernandez
|
0-0: Called Strike 0-1: Called Strike 0-2: SINGLE (Flyball, 89S)
|
Batting: LHB Bryce Harper
|
0-0: Ball 1-0: Foul Ball, location: 2F 1-1: Ball 2-1: Foul Ball, location: 2F 2-2: Ball 3-2: Foul Ball, location: 2F 3-2: Fly out, F8 (Line Drive, 8RM)
|
Batting: LHB Eric Thames
|
0-0: Called Strike Cesar Hernandez is caught stealing 2nd base
|
Top of the 1st over - 0 runs, 1 hit, 0 errors, 0 left on base; Texas 0 - Houston 0 |
BOTTOM OF THE 1ST |
Houston Astros batting - Pitching for Texas Rangers : LHP Jon Lester
|
Pitching: LHP Jon Lester
|
|
Batting: LHB Brock Holt
|
0-0: Ball 1-0: Ball 2-0: Ball 3-0: Called Strike 3-1: Base on Balls
|
Batting: RHB Josh Harrison
|
0-0: Called Strike 0-1: Ball 1-1: Ball 2-1: Swinging Strike 2-2: Foul Ball, location: 2F 2-2: DOUBLE (Flyball, 8LD) Brock Holt to third Runner from 3rd tries for Home, SAFE, no throw
|
Batting: RHB Xander Bogaerts
|
0-0: SINGLE (Line Drive, 8LS) Josh Harrison to third Runner from 3rd tries for Home, SAFE, throw made home
|
Batting: RHB Welington Castillo
|
0-0: Called Strike 0-1: Grounds into double play, 6-4-3 (Groundball, 6)
|
Batting: LHB Dominic Smith
|
0-0: Ground out U3 (Groundball, 34)
|
Bottom of the 1st over - 2 runs, 2 hits, 0 errors, 0 left on base; Texas 0 - Houston 2 |
TOP OF THE 2ND |
Texas Rangers batting - Pitching for Houston Astros : LHP Robbie Ray
|
Batting: LHB Eric Thames
|
0-0: Called Strike 0-1: Ball 1-1: Ball 2-1: Called Strike 2-2: Foul Ball, location: 2F 2-2: Ball 3-2: Foul Ball, location: 2F 3-2: Foul Ball, location: 2F 3-2: Strikes out looking
|
Batting: SHB Jeimer Candelario
|
0-0: Called Strike 0-1: Ball 1-1: Called Strike 1-2: Foul Ball, location: 2F 1-2: Strikes out looking
|
Batting: RHB Andrelton Simmons
|
0-0: Ball 1-0: Ground out 4-3 (Groundball, 4)
|
Top of the 2nd over - 0 runs, 0 hits, 0 errors, 0 left on base; Texas 0 - Houston 2 |
BOTTOM OF THE 2ND |
Houston Astros batting - Pitching for Texas Rangers : LHP Jon Lester
|
Batting: LHB Colin Moran
|
0-0: Ball 1-0: Ball 2-0: Swinging Strike 2-1: Ball 3-1: Foul Ball, location: 2F 3-2: Strikes out looking
|
Batting: RHB Teoscar Hernandez
|
0-0: Foul Ball, location: 2F 0-1: Swinging Strike 0-2: Strikes out looking
|
Batting: LHB Jason Heyward
|
0-0: Ball 1-0: Fly out, F9 (Flyball, 9D)
|
Bottom of the 2nd over - 0 runs, 0 hits, 0 errors, 0 left on base; Texas 0 - Houston 2 |
TOP OF THE 3RD |
Texas Rangers batting - Pitching for Houston Astros : LHP Robbie Ray
|
Batting: SHB Asdrubal Cabrera
|
0-0: Called Strike 0-1: Ball 1-1: Fly out, F9 (Flyball, 9D)
|
Batting: RHB Max Stassi
|
0-0: Ball 1-0: Swinging Strike 1-1: Ball 2-1: Foul Ball, location: 2F 2-2: SINGLE (Flyball, 9S)
|
Batting: RHB Jake Smolinski
|
0-0: Called Strike 0-1: Foul Ball, location: 2F 0-2: Ball 1-2: Fly out, F9 (Flyball, 89D)
|
Batting: LHB Joc Pederson
|
0-0: Ball 1-0: Ball 2-0: Ball 3-0: Base on Balls Max Stassi to second
|
Batting: SHB Cesar Hernandez
|
0-0: Swinging Strike 0-1: Swinging Strike 0-2: Foul Ball, location: 2F 0-2: Foul Ball, location: 2F 0-2: Ball 1-2: Ball 2-2: Foul Ball, location: 2F 2-2: Ball 3-2: Strikes out swinging
|
Top of the 3rd over - 0 runs, 1 hit, 0 errors, 2 left on base; Texas 0 - Houston 2 |
BOTTOM OF THE 3RD |
Houston Astros batting - Pitching for Texas Rangers : LHP Jon Lester
|
Batting: LHB Gregory Polanco
|
0-0: Ball 1-0: Fly out, F7 (Flyball, 78D)
|
Batting: LHB Brock Holt
|
0-0: Ball 1-0: Ground out 4-3 (Groundball, 4)
|
Batting: RHB Josh Harrison
|
0-0: Ball 1-0: Foul Ball, location: 2F 1-1: Swinging Strike 1-2: Strikes out swinging
|
Bottom of the 3rd over - 0 runs, 0 hits, 0 errors, 0 left on base; Texas 0 - Houston 2 |
TOP OF THE 4TH |
Texas Rangers batting - Pitching for Houston Astros : LHP Robbie Ray
|
Batting: LHB Bryce Harper
|
0-0: Foul Ball, location: 2F 0-1: Swinging Strike 0-2: Foul Ball, location: 2F 0-2: Ball 1-2: Strikes out swinging
|
Batting: LHB Eric Thames
|
0-0: Ball 1-0: Foul Ball, location: 2F 1-1: Called Strike 1-2: Ball 2-2: Foul Ball, location: 2F 2-2: Ball 3-2: SINGLE (Groundball, 4MD)
|
Batting: SHB Jeimer Candelario
|
Balk! Eric Thames to second 0-0: Foul Ball, location: 2F 0-1: Ball 1-1: Ball 2-1: Foul Ball, location: 2F 2-2: Foul Ball, location: 2F 2-2: Strikes out swinging
|
Batting: RHB Andrelton Simmons
|
0-0: Ground out 5-3 (Groundball, 56)
|
Top of the 4th over - 0 runs, 1 hit, 0 errors, 1 left on base; Texas 0 - Houston 2 |
BOTTOM OF THE 4TH |
Houston Astros batting - Pitching for Texas Rangers : LHP Jon Lester
|
Batting: RHB Xander Bogaerts
|
0-0: Reached on error, E8 (Flyball, 8RM)
|
Batting: RHB Welington Castillo
|
0-0: Called Strike 0-1: Ball 1-1: DOUBLE (Line Drive, 9LM) Xander Bogaerts to third
|
Batting: LHB Dominic Smith
|
0-0: Called Strike 0-1: Ball 1-1: Ball 2-1: TRIPLE (Flyball, 9LD) Xander Bogaerts scores Welington Castillo scores
|
Batting: LHB Colin Moran
|
0-0: Ball 1-0: DOUBLE (Flyball, 78D) Dominic Smith scores
|
Pitching: RHP Matt Bowman
|
|
Batting: RHB Teoscar Hernandez
|
0-0: Called Strike 0-1: Foul Ball, location: 2F 0-2: Ball 1-2: SINGLE (Groundball, 6D) Colin Moran to third
|
Batting: LHB Jason Heyward
|
0-0: Ball 1-0: Ball 2-0: Ball 3-0: Base on Balls Teoscar Hernandez to second
|
Batting: LHB Gregory Polanco
|
0-0: Called Strike 0-1: Called Strike 0-2: Foul Ball, location: 2F 0-2: Ball 1-2: Foul Ball, location: 2F 1-2: Ground out 5-3 (Groundball, 56S) Colin Moran scores Teoscar Hernandez to third Jason Heyward to second
|
Batting: LHB Brock Holt
|
0-0: Ball Wild Pitch! Teoscar Hernandez scores Jason Heyward to third 1-0: Fly out, F8 (Line Drive, 8LD) Runner from 3rd tags up, SCORES, throw made
|
Batting: RHB Josh Harrison
|
0-0: Called Strike 0-1: Ground out 6-3 (Groundball, 6)
|
Bottom of the 4th over - 6 runs, 4 hits, 1 error, 0 left on base; Texas 0 - Houston 8 |
TOP OF THE 5TH |
Texas Rangers batting - Pitching for Houston Astros : LHP Robbie Ray
|
Batting: SHB Asdrubal Cabrera
|
0-0: Called Strike 0-1: Foul Ball, location: 2F 0-2: Ball 1-2: Ball 2-2: Strikes out swinging
|
Batting: RHB Max Stassi
|
0-0: Ball 1-0: Ball 2-0: Ball 3-0: Called Strike 3-1: Called Strike 3-2: Base on Balls
|
Batting: RHB Jake Smolinski
|
0-0: Called Strike 0-1: Swinging Strike 0-2: Foul Ball, location: 2F 0-2: Ball 1-2: Strikes out swinging
|
Batting: LHB Joc Pederson
|
0-0: Ball 1-0: Ball 2-0: Ball 3-0: Fly out, F9 (Flyball, 9LD)
|
Top of the 5th over - 0 runs, 0 hits, 0 errors, 1 left on base; Texas 0 - Houston 8 |
BOTTOM OF THE 5TH |
Houston Astros batting - Pitching for Texas Rangers : RHP Matt Bowman
|
Batting: RHB Xander Bogaerts
|
0-0: Fly out, F8 (Flyball, 8LD)
|
Batting: RHB Welington Castillo
|
0-0: DOUBLE (Flyball, 78XD)
|
Batting: LHB Dominic Smith
|
0-0: Called Strike 0-1: Ball 1-1: Swinging Strike 1-2: Fly out, F7 (Flyball, 7LD) Runner from 2nd tags up, SAFE at 3rd, no throw
|
Batting: LHB Colin Moran
|
0-0: Ball 1-0: Ground out 6-3 (Groundball, 6MD)
|
Bottom of the 5th over - 0 runs, 1 hit, 0 errors, 1 left on base; Texas 0 - Houston 8 |
TOP OF THE 6TH |
Texas Rangers batting - Pitching for Houston Astros : LHP Robbie Ray
|
Batting: SHB Cesar Hernandez
|
0-0: Called Strike 0-1: Ball 1-1: Foul Ball, location: 2F 1-2: Fly out, F7 (Flyball, 78S)
|
Batting: LHB Bryce Harper
|
0-0: Ball 1-0: Fly out, F3 (Line Drive, 3)
|
Batting: LHB Eric Thames
|
0-0: Called Strike 0-1: Foul Ball, location: 2F 0-2: Ball 1-2: Ball 2-2: Ball 3-2: Strikes out looking
|
Top of the 6th over - 0 runs, 0 hits, 0 errors, 0 left on base; Texas 0 - Houston 8 |
BOTTOM OF THE 6TH |
Houston Astros batting - Pitching for Texas Rangers : RHP Matt Bowman
|
Batting: RHB Teoscar Hernandez
|
0-0: DOUBLE (Flyball, 89XD)
|
Batting: LHB Jason Heyward
|
0-0: Ball 1-0: DOUBLE (Groundball, 3L) Teoscar Hernandez scores
|
Batting: LHB Gregory Polanco
|
0-0: Ball 1-0: Foul Ball, location: 2F 1-1: Ground out 4-3 (Groundball, 4M) Jason Heyward to third
|
Batting: LHB Brock Holt
|
0-0: Ball 1-0: Called Strike 1-1: Foul Ball, location: 2F 1-2: Foul Ball, location: 2F 1-2: Strikes out swinging
|
Batting: RHB Josh Harrison
|
0-0: Ball 1-0: SINGLE (Groundball, 56D) Jason Heyward scores
|
Pitching: RHP Nick Goody
|
|
Batting: RHB Xander Bogaerts
|
0-0: Ball 1-0: Ball 2-0: Ball 3-0: Called Strike 3-1: Fly out, F7 (Line Drive, 7)
|
Bottom of the 6th over - 2 runs, 3 hits, 0 errors, 1 left on base; Texas 0 - Houston 10 |
TOP OF THE 7TH |
Texas Rangers batting - Pitching for Houston Astros : LHP Robbie Ray
|
Pitching: RHP Jose Urena
|
|
Batting: SHB Jeimer Candelario
|
0-0: Called Strike 0-1: Swinging Strike 0-2: Foul Ball, location: 2F 0-2: Strikes out swinging
|
Batting: RHB Andrelton Simmons
|
0-0: Swinging Strike 0-1: Swinging Strike 0-2: Strikes out looking
|
Batting: SHB Asdrubal Cabrera
|
0-0: Called Strike 0-1: Foul Ball, location: 2F 0-2: Ball 1-2: Strikes out swinging
|
Top of the 7th over - 0 runs, 0 hits, 0 errors, 0 left on base; Texas 0 - Houston 10 |
BOTTOM OF THE 7TH |
Houston Astros batting - Pitching for Texas Rangers : RHP Nick Goody
|
Batting: RHB Welington Castillo
|
0-0: Ball 1-0: Swinging Strike 1-1: Swinging Strike 1-2: Foul Ball, location: 2F 1-2: Strikes out swinging
|
Batting: LHB Dominic Smith
|
0-0: Ball 1-0: Foul Ball, location: 2F 1-1: SINGLE (Line Drive, 7S)
|
Batting: LHB Colin Moran
|
0-0: Ball 1-0: Ball 2-0: Called Strike 2-1: Ball 3-1: Foul Ball, location: 2F 3-2: Strikes out swinging
|
Batting: RHB Teoscar Hernandez
|
0-0: Ball 1-0: Foul Ball, location: 2F 1-1: Called Strike 1-2: Ball 2-2: Strikes out swinging
|
Bottom of the 7th over - 0 runs, 1 hit, 0 errors, 1 left on base; Texas 0 - Houston 10 |
TOP OF THE 8TH |
Texas Rangers batting - Pitching for Houston Astros : RHP Jose Urena
|
Batting: RHB Max Stassi
|
0-0: Ball 1-0: Called Strike 1-1: Called Strike 1-2: Ball 2-2: Ball 3-2: Base on Balls
|
Batting: RHB Jake Smolinski
|
0-0: Ball 1-0: Ball 2-0: Called Strike 2-1: SINGLE (Groundball, 6D) Max Stassi to second
|
Batting: LHB Joc Pederson
|
0-0: Called Strike 0-1: Foul Ball, location: 2F 0-2: Ball 1-2: Ball 2-2: Ball 3-2: Hit by Pitch Max Stassi to third Jake Smolinski to second
|
Batting: SHB Cesar Hernandez
|
0-0: Foul Ball, location: 2F 0-1: Ball 1-1: Ball 2-1: Ball 3-1: Base on Balls Max Stassi scores Jake Smolinski to third Joc Pederson to second
|
Batting: LHB Bryce Harper
|
0-0: Ball 1-0: Ball 2-0: Foul Ball, location: 2F 2-1: Foul Ball, location: 2F 2-2: Strikes out swinging
|
Pitching: RHP Dovydas Neverauskas
|
|
Batting: LHB Eric Thames
|
0-0: Called Strike 0-1: Foul Ball, location: 2F 0-2: Strikes out looking
|
Batting: SHB Jeimer Candelario
|
0-0: Ball 1-0: SINGLE (Flyball, 8LS) Jake Smolinski scores Joc Pederson to third Cesar Hernandez to second Runner from 3rd tries for Home, SAFE, throw made home
|
Batting: RHB Andrelton Simmons
|
0-0: Ball 1-0: Called Strike 1-1: Foul Ball, location: 2F 1-2: Ball 2-2: Fly out, F6 (Popup, 6D)
|
Top of the 8th over - 3 runs, 2 hits, 0 errors, 2 left on base; Texas 3 - Houston 10 |
BOTTOM OF THE 8TH |
Houston Astros batting - Pitching for Texas Rangers : RHP Nick Goody
|
Batting: LHB Jason Heyward
|
0-0: Ball 1-0: Ball 2-0: Ground out 6-3 (Groundball, 4)
|
Batting: LHB Gregory Polanco
|
0-0: Fly out, F7 (Flyball, 7D)
|
Batting: LHB Brock Holt
|
0-0: Called Strike 0-1: Called Strike 0-2: Ball 1-2: SINGLE (Line Drive, 8LS)
|
Batting: RHB Josh Harrison
|
0-0: Swinging Strike 0-1: Ball 1-1: Swinging Strike 1-2: Ball 2-2: Strikes out swinging
|
Bottom of the 8th over - 0 runs, 1 hit, 0 errors, 1 left on base; Texas 3 - Houston 10 |
TOP OF THE 9TH |
Texas Rangers batting - Pitching for Houston Astros : RHP Dovydas Neverauskas
|
Batting: SHB Asdrubal Cabrera
|
0-0: Called Strike 0-1: Ground out 5-3 (Groundball, 56)
|
Batting: RHB Max Stassi
|
0-0: Ball 1-0: Called Strike 1-1: Ball 2-1: Foul Ball, location: 2F 2-2: Ball 3-2: Base on Balls
|
Batting: RHB Jake Smolinski
|
0-0: Called Strike 0-1: Foul Ball, location: 2F 0-2: Ball 1-2: SINGLE (Line Drive, 8RS) Max Stassi to second
|
Batting: LHB Joc Pederson
|
0-0: Foul Ball, location: 2F 0-1: Foul Ball, location: 2F 0-2: Foul Ball, location: 2F 0-2: Foul Ball, location: 2F 0-2: Ball 1-2: Strikes out swinging
|
Batting: SHB Cesar Hernandez
|
0-0: Swinging Strike 0-1: Swinging Strike 0-2: Strikes out looking
|
Top of the 9th over - 0 runs, 1 hit, 0 errors, 2 left on base; Texas 3 - Houston 10 |
|